 Dungeon Crawl Stone Soup version 0.23.2-1-ga50397a (webtiles) character file.

Game seed: 12632790274483334567

3350 Daunt the Grappler (level 9, -10/78 HPs)
             Began as a Red Draconian Transmuter on Apr 18, 2019.
             Was a Priest of Makhleb.
             Mangled by an orc warrior
             ... wielding a +0 war axe
              (18 damage)
             ... on level 8 of the Dungeon.
             The game lasted 01:03:32 (9961 turns).

Daunt the Grappler (Red Draconian Transmuter)       Turns: 9961, Time: 01:03:32

Health: -10/78     AC:  2    Str: 12    XL:     9   Next: 72%
Magic:  6/12       EV: 24    Int: 18    God:    Makhleb [***...]
Gold:   344        SH:  0    Dex: 16    Spells: 6/12 levels left

rFire    . . .     SeeInvis .     - Unarmed
rCold    . . .     Gourm    .   (shield currently unavailable)
rNeg     . . .     Faith    .   (armour unavailable)
rPois    x         Spirit   .   (helmet currently unavailable)
rElec    .         Reflect  .   (cloak currently unavailable)
rCorr    .         Harm     .   (gloves currently unavailable)
MR       .....                  (boots currently unavailable)
Stlth    ++........             s - amulet of rage
HPRegen  0.23/turn              n - +3 ring of evasion
MPRegen  0.13/turn              (no ring)

@: spider-form, very slightly contaminated
A: tiny, (breathe fire), unfitting armour, AC +7
a: End Transformation, Minor Destruction, Lesser Servant of Makhleb, Renounce
Religion, Evoke Berserk Rage


You were on level 8 of the Dungeon.
You worshipped Makhleb.
Makhleb was most pleased with you.
You were not hungry.
You were a venomous arachnid creature.
You visited 1 branch of the dungeon, and saw 8 of its levels.
You also visited: Sewer.

You collected 409 gold pieces.
You spent 65 gold pieces at shops.

Inventory:

Hand Weapons
 k - a +0 hunting sling
 p - a +0 hunting sling
Missiles
 a - 44 arrows
 d - 161 stones (quivered)
Armour
 g - a +1 pair of boots (melded)
Jewellery
 h - an uncursed amulet of guardian spirit
 n - a +3 ring of evasion (left front leg)
 s - an amulet of rage (around neck)
Wands
 b - a wand of flame (11)
 f - a wand of disintegration (13)
 y - a wand of paralysis (13)
Scrolls
 e - 3 scrolls of remove curse
 i - a scroll of amnesia
 j - 2 scrolls of blinking
 l - a scroll of fog
 q - a scroll of holy word
 r - 2 scrolls of noise {unknown}
 t - 3 scrolls of fear
 z - 3 scrolls of teleportation
 A - 2 scrolls of magic mapping {unknown}
 E - a scroll of enchant armour
 F - a scroll of acquirement {unknown}
Potions
 m - 2 potions of curing
 o - a potion of flight
 u - a potion of invisibility
 v - 3 potions of brilliance
 w - 4 potions of magic
 x - 2 potions of might
 B - 2 potions of heal wounds
 D - a potion of agility
 G - a potion of cancellation
Comestibles
 c - 14 rations
 C - 11 chunks of flesh


   Skills:
 + Level 6.9 Fighting
 - Level 3.0 Dodging
 + Level 2.4 Stealth
 * Level 9.5 Unarmed Combat
 - Level 2.0 Spellcasting
 - Level 6.0 Transmutations
 + Level 4.2 Invocations
 + Level 2.2 Evocations


You had 6 spell levels left.
You knew the following spells:

 Your Spells              Type           Power        Failure   Level  Hunger
a - Beastly Appendage     Tmut           ###...       7%          1    #......
b - Sticks to Snakes      Tmut           ###.....     9%          2    ###....
s - Spider Form           Tmut/Pois      ##........   34%         3    ###....

Your spell library contained the following spells:

 Spells                   Type           Power        Failure   Level  Hunger
 Blade Hands              Tmut           ###.......   61%         5    ######.
 Ice Form                 Ice/Tmut       ##......     67%         4    #####..


Dungeon Overview and Level Annotations

Branches:
Dungeon (8/15)             Temple (0/1) D:5
   Lair: D:8-11

Altars:
Elyvilon
Fedhas
Gozag
Hepliaklqana
Makhleb
Xom
Zin

Shops:
D:6 (   D:7 !

Annotations:
D:3 Grinder
D:7 Joseph


Innate Abilities, Weirdness & Mutations

((You can breathe blasts of fire.))
((Your fiery red scales are hard. (AC +7)))
You cannot fit into any form of body armour.
((Your flesh is heat resistant. (rF+)))
((You are cold-blooded and may be slowed by cold attacks.))


Message History

You are too injured to fight recklessly!
You are too injured to fight recklessly!
You hit the orc warrior but do no damage.
The orc warrior is poisoned.
The orc warrior is heavily wounded.
You completely miss the orc warrior.
The orc warrior is heavily wounded.
The orc warrior closely misses you.
You hit the orc warrior but do no damage.
The orc warrior is heavily wounded.
The orc warrior hits you with a +0 war axe!!
* * * LOW HITPOINT WARNING * * *
You hit the orc warrior.
The orc warrior looks as sick as possible!
The orc warrior is heavily wounded.
You hit the orc warrior but do no damage.
The orc warrior looks as sick as possible!
The orc warrior is severely wounded.
The orc warrior hits you with a +0 war axe!!
You die...

.....o....# #####
..........###...#
........#o##....## ##..
......###........##
#... ...### #..#......#
#... ## ##.#......#
##...
#####........####....
##..#)o...............
##....s###.............
#......# ##....).......
##......##
#....[.#..... #
##........#
##.....##.... #
#####).#......#
##....###... ##
#.....###.....## ##...#
##.. .####....##
##.....# #...# ##..
...#..รท...## ###...#
#...# #... ...........#
###.# #...# ##..


You could see an orc warrior.

Vanquished Creatures
  A hippogriff (D:6)
  A wyvern (D:8)
  Duvessa (D:7)
  A phantom (D:6)
  4 sky beasts
  An ice beast (D:7)
  3 ogres
  4 centaurs
  7 bullfrogs
  Dowan (D:7)
  A wyvern skeleton (D:6)
  2 crimson imps
  A jelly (D:6)
  4 hounds
  2 orc wizards
  6 orc priests
  A bullfrog skeleton (D:8)
  A centaur skeleton (D:6)
  A gnoll shaman (D:8)
  Jessica (D:2)
  An iguana (D:7)
  4 worker ants
  A hound zombie (D:5)
  A hound skeleton (D:8)
  13 gnolls
  A howler monkey skeleton (D:8)
  16 adders
  3 river rats (Sewer)
  2 oozes
  3 adder skeletons (D:6)
  2 worms
  2 dart slugs
  8 leopard geckos
  16 orcs
  12 ball pythons
  5 bats
  8 giant cockroaches
  10 goblins
  7 hobgoblins
  8 kobolds
  3 quokkas
  5 frilled lizards
  A quokka zombie (D:5)
  25 rats
201 creatures vanquished.

Vanquished Creatures (collateral kills)
  Menkaure (D:5)
  A bullfrog (Sewer)
  A gnoll shaman (D:3)
  4 adders
  A giant cockroach (D:6)
  A goblin (D:7)
  A hobgoblin (D:1)
  A frilled lizard (Sewer)
11 creatures vanquished.

Grand Total: 212 creatures vanquished

Notes
Turn   | Place    | Note
-------+----------+-------------------------------------------
     0 | D:1      | Daunt the Draconian Transmuter began the quest for the Orb.
     0 | D:1      | Reached XP level 1. HP: 16/16 MP: 3/3
   134 | D:1      | Reached XP level 2. HP: 23/23 MP: 5/5
   138 | D:1      | Learned a level 2 spell: Sticks to Snakes
   709 | D:2      | Reached XP level 3. HP: 15/28 MP: 1/6
  1112 | D:2      | Noticed Jessica
  1430 | D:2      | Learned a level 3 spell: Spider Form
  1668 | D:2      | Reached XP level 4. HP: 23/35 MP: 2/7
  1833 | D:2      | Killed Jessica
  2426 | D:2      | Reached skill level 5 in Transmutations
  2614 | D:3      | Reached XP level 5. HP: 40/40 MP: 5/8
  3501 | D:3      | Noticed Grinder
  3503 | D:3      | Paralysed by Grinder for 4 turns
  3555 | D:3      | Found a glowing silver altar of Zin.
  3853 | D:4      | Reached skill level 1 in Stealth
  3853 | D:4      | Reached XP level 6. HP: 39/47 MP: 5/9
  3876 | D:4      | HP: 1/47 [orc/+0 trident (6)]
  4075 | D:4      | You fall through a shaft for 3 floors!
  4093 | D:7      | Noticed a sky beast
  4139 | D:7      | Noticed Joseph
  4275 | D:7      | Noticed an ice beast
  4317 | D:7      | Noticed a hippogriff
  4429 | D:7      | Reached skill level 4 in Unarmed Combat
  4674 | D:6      | Found Luups's Weapon Shop.
  4740 | D:6      | Your scales start taking on a fiery red colour.
  4740 | D:6      | Reached XP level 7. HP: 48/56 MP: 8/10
  4740 | D:6      | Gained mutation: Your flesh is heat resistant. (rF+) [Red
                  | Draconian growth]
  4761 | D:5      | Entered Level 5 of the Dungeon
  4779 | D:5      | Found a blossoming altar of Fedhas.
  4842 | D:5      | Found a burning altar of Makhleb.
  4848 | D:5      | Became a worshipper of Makhleb the Destroyer
  4886 | D:5      | Reached skill level 5 in Unarmed Combat
  4968 | D:5      | Found a glowing drain.
  4991 | Sewer    | Entered a sewer
  5191 | Sewer    | Reached * piety under Makhleb
  5714 | Sewer    | Reached ** piety under Makhleb
  5743 | Sewer    | Reached skill level 1 in Evocations
  6031 | D:5      | Noticed Menkaure
  6196 | D:5      | Found a staircase to the Ecumenical Temple.
  6213 | D:5      | Reached XP level 8. HP: 65/66 MP: 9/11
  6323 | D:5      | Reached skill level 6 in Unarmed Combat
  6704 | D:5      | Killed Menkaure
  7199 | D:6      | Found a white marble altar of Elyvilon.
  7202 | D:6      | Found a shimmering altar of Xom.
  7202 | D:6      | Found a hazy altar of Hepliaklqana.
  7222 | D:6      | Found an opulent altar of Gozag.
  7259 | D:6      | Reached skill level 7 in Unarmed Combat
  7313 | D:6      | Reached skill level 5 in Fighting
  7313 | D:6      | Reached skill level 1 in Invocations
  7935 | D:7      | Noticed Duvessa
  7936 | D:7      | Noticed Dowan
  8022 | D:6      | Killed a hippogriff
  8151 | D:7      | Reached XP level 9. HP: 74/74 MP: 12/12
  8160 | D:7      | Found a shimmering altar of Xom.
  8464 | D:6      | Reached skill level 8 in Unarmed Combat
  8951 | D:7      | Killed Duvessa
  8951 | D:7      | Reached *** piety under Makhleb
  8958 | D:7      | Killed Dowan
  9061 | D:7      | Found Acadur's Distillery.
  9415 | D:7      | Bought a potion of heal wounds for 65 gold pieces
  9540 | D:8      | Reached skill level 9 in Unarmed Combat
  9961 | D:8      | Mangled by an orc warrior

Skill      XL: |  1  2  3  4  5  6  7  8  9 |
---------------+----------------------------+-----
Transmutations | 3 4 5 6 |  6.0
Stealth        | 1 2 |  2.4
Fighting       | 2 4 5 6 |  6.9
Unarmed Combat | 4 5 7 9 |  9.5
Evocations     | 1 2 |  2.2
Dodging        | 2 3 |  3.0
Invocations    | 2 4 |  4.2
Spellcasting   | |  2.0

Action                   |  1- 3 |  4- 6 |  7- 9 || total
-------------------------+-------+-------+-------++-------
Melee: Unarmed           |   108 |   252 |   496 ||   856
       Tailslap          |     8 |    18 |    27 ||    53
       Kick              |     2 |       |       ||     2
       Headbutt          |     5 |    17 |    36 ||    58
       Punch             |     1 |     2 |     9 ||    12
Throw: Stone             |       |     3 |    16 ||    19
 Cast: Beastly Appendage |    12 |    18 |    34 ||    64
       Sticks to Snakes  |     8 |     7 |    27 ||    42
       Spider Form       |       |     5 |    19 ||    24
 Abil: Breathe Fire      |       |       |     3 ||     3
Evoke: Wand              |       |       |     1 ||     1
  Use: Potion            |     1 |       |     3 ||     4
       Scroll            |     3 |     6 |    10 ||    19
 Stab: Sleeping          |     1 |     1 |     2 ||     4
       Distracted        |     1 |       |       ||     1
  Eat: Chunk             |     3 |     9 |    23 ||    35
       Ration            |       |     1 |       ||     1
Armor: Skin              |    31 |    51 |    99 ||   181
Dodge: Dodged            |    89 |   171 |   398 ||   658
